 Dungeon Crawl Stone Soup version 0.27.1-33-g824d729ab1 (webtiles) character file.

Game seed: 10172044357717657860

531 lordive the Slasher (level 7, -2/90 HPs)
             Began as a Minotaur Fighter on Dec 26, 2021.
             Was a Follower of Okawaru.
             Succumbed to an orc wizard's poison
             ... on level 4 of the Dungeon.
             The game lasted 00:03:31 (2334 turns).

lordive the Slasher (Minotaur Fighter)              Turns: 2334, Time: 00:03:32

Health: -2/90      AC: 27    Str: 22    XL:     7   Next: 3%
Magic:  6/6        EV:  2    Int:  5    God:    Okawaru [*.....]
Gold:   145        SH: 10    Dex: 10    Spells: 6/6 levels left

rFire    . . .     SeeInvis .   a - +0 long sword
rCold    . . .     Faith    .   c - +0 kite shield
rNeg     + + +     Spirit   .   (armour currently unavailable)
rPois    +         Reflect  .   (helmet currently unavailable)
rElec    .         Harm     .   (cloak currently unavailable)
rCorr    .         Rampage  .   (gloves currently unavailable)
Will     .....     NoTele   +   (boots currently unavailable)
Stlth    +.........             (no amulet)
HPRegen  0.25/turn              m - +4 ring of protection
MPRegen  0.10/turn              (no ring)

@: lethally poisoned (-2 -> -26), tree-form
A: stationary, stasis, torment immunity, boosted hp, (horns 2), (retaliatory
headbutt)
a: Renounce Religion, Heroism


You were on level 4 of the Dungeon.
You worshipped Okawaru.
Okawaru was aware of your devotion.
You were a tree.
You visited 1 branch of the dungeon, and saw 4 of its levels.

You collected 145 gold pieces.

Inventory:

Hand Weapons
 a - a +0 long sword (weapon)
 p - the +7 dagger "Inig" {freeze, Str+5}
   (You found it on level 4 of the Dungeon)

   It freezes those it strikes, dealing additional cold damage.
   It can also slow down cold-blooded creatures.
   Str:       It affects your strength (+5).
Armour
 b - a +0 scale mail (melded)
 c - a +0 kite shield (worn)
 f - a +0 pair of boots (melded)
Jewellery
 m - a +4 ring of protection (left branch)
 n - a ring of see invisible
Wands
 o - a wand of iceblast (9)
Scrolls
 h - 3 scrolls of blinking {unknown}
 j - a scroll of torment {unknown}
 l - 3 scrolls of teleportation {unknown}
 q - a scroll of enchant armour {unknown}
Potions
 d - a potion of might
 e - a potion of berserk rage {unknown}
 i - a potion of degeneration {unknown}
 k - 2 potions of attraction {unknown}


   Skills:
 * Level 4.7 Fighting
 * Level 5.8 Long Blades
 * Level 5.4 Armour
 * Level 2.5 Dodging
 * Level 5.2 Shields
 * Level 0.5 Invocations


You had 6 spell levels left.
You didn't know any spells.
Your spell library contained the following spells:

 Spells                   Type           Power      Damage    Failure   Level
 Slow                     Hex            0%         N/A       96%         2
 Confusing Touch          Hex            0%         N/A       99%         3
 Vampiric Draining        Necr           0%         2d6       99%         3


Dungeon Overview and Level Annotations

Branches:
Dungeon (4/15)
 Temple: D:4-7

Altars:
Cheibriados
Okawaru
Uskayaw


Innate Abilities, Weirdness & Mutations

You are a tree.
Your roots penetrate the ground, keeping you stationary.
You cannot be teleported.
You are immune to unholy pain and torment.
Your maximum health is greatly increased.
Your equipment is partially melded.
((You have a pair of horns on your head.))
((You reflexively headbutt those who attack you in melee.))


Message History

You feel sick.
You hear some strange, mumbled words.
Something tries to affect you, but you resist.
You feel sick. Something hits you but does no damage.
Things that are here:
a +0 dagger; a +0 robe; a +2 whip of venom You closely miss something.
You feel sick. Something hits you but does no damage.
You are more poisoned.
You miss something. Your headbutt misses something.
You feel very sick. Something hits you but does no damage.
You are more poisoned.
Something hits you.
You are lethally poisoned!
You barely miss something.
You feel extremely sick. Something hits you.
You are more poisoned.
You are too injured to fight recklessly!
You are too injured to fight recklessly!
You are too injured to fight recklessly!
You slash something!
* * * LOW HITPOINT WARNING * * *
You feel extremely sick. Something hits you but does no damage.
You are more poisoned.
You slash something! Okawaru accepts your kill.
You can now gain great but temporary skills.
Reactivating autopickup.
You feel a bit more experienced.
* * * LOW HITPOINT WARNING * * *
You feel extremely sick.
You have reached level 7!
It was a potion of lignification.
You turn into a tree.
Your +0 pair of boots melds into your body.
Your +0 scale mail melds into your body.
Your roots penetrate the ground.
You die...

.#.#
#.#####........##.###
...# #..
#............... ...#
.## #........##.####
...# . ..........#...
##.# ####.##.#######
##.# #####.##.# .#.#
#....[...# .+..
#.###.#..# .#.#
#♣#...#.†# ...#
#o#...#..# ####
#o#...#..# #.##......
#.....##...
#.....##...
#...#.###.# #.#.


You could see 2 orcs.

Vanquished Creatures
  A necrophage (D:4)
  A phantom (D:4)
  A scorpion (D:3)
  A centaur zombie (D:4)
  A hound (D:4)
  An iguana (D:4)
  2 orc wizards (D:4)
  8 adders
  3 gnolls (D:4)
  3 worms (D:2)
  2 dart slugs
  5 orcs
  4 bats
  3 endoplasms
  3 giant cockroaches
  5 goblins
  2 hobgoblins
  4 jackals (D:2)
  7 kobolds
  2 quokkas
  4 ball pythons
  A frilled lizard (D:3)
  6 rats
70 creatures vanquished.

Notes
Turn   | Place    | Note
-------+----------+-------------------------------------------
     0 | D:1      | lordive the Minotaur Fighter began the quest for the Orb.
     0 | D:1      | Reached XP level 1. HP: 19/19 MP: 0/0
   103 | D:1      | Found a faded altar of an unknown god.
   249 | D:1      | Reached XP level 2. HP: 27/27 MP: 1/1
   499 | D:2      | Reached XP level 3. HP: 33/33 MP: 2/2
   524 | D:2      | Reached skill level 1 in Dodging
   600 | D:2      | Found a snail-covered altar of Cheibriados.
   797 | D:2      | Reached XP level 4. HP: 39/40 MP: 3/3
  1112 | D:3      | Noticed a scorpion
  1120 | D:3      | Killed a scorpion
  1121 | D:3      | Reached XP level 5. HP: 31/46 MP: 4/4
  1310 | D:3      | Found a hide-covered altar of Uskayaw.
  1753 | D:4      | Found an iron altar of Okawaru.
  1759 | D:4      | Noticed a phantom
  1766 | D:4      | Killed a phantom
  1779 | D:4      | Became a worshipper of Warmaster Okawaru
  1792 | D:4      | Identified the +7 dagger "Inig" {freeze, Str+5}
  1859 | D:4      | Noticed a necrophage
  1865 | D:4      | Killed a necrophage
  1866 | D:4      | Reached skill level 5 in Long Blades
  1866 | D:4      | Reached skill level 5 in Armour
  1866 | D:4      | Reached XP level 6. HP: 46/53 MP: 5/5
  1933 | D:4      | Reached skill level 5 in Shields
  2333 | D:4      | Reached * piety under Okawaru
  2333 | D:4      | HP: 1/53 [poisoned by an orc wizard]
  2334 | D:4      | Reached XP level 7. HP: 1/60 MP: 6/6
  2334 | D:4      | Succumbed to an orc wizard's poison

Illustrated notes

Levels and vault maps discovered:
D:1:      erik_arrival_triangle_large, layout_rooms,
          shapermc_ecumenical_altar_venn, minmay_statues_item,
          chequers_serial_rivers_micro_c, minmay_surrounded
D:2:      wander_river, layout_rooms, basic_altar, chequers_garden
D:3:      layout_basic, lemuel_doored_altar
D:4:      layout_basic, lemuel_crystal_altar, minmay_strange_pillars,
          kennysheep_generic_room_14

Skill      XL: |  1  2  3  4  5  6 |
---------------+-------------------+-----
Armour         | 4 5 |  5.4
Shields        | 4 5 |  5.2
Fighting       | 4 |  4.7
Long Blades    | 3 4 5 |  5.8
Dodging        | 1 2 |  2.5
Invocations    | |  0.5

Action                   |  1- 3 |  4- 6 |  7- 9 || total
-------------------------+-------+-------+-------++-------
Melee: Long sword        |    66 |   100 |       ||   166
       Headbutt          |     9 |    20 |       ||    29
  Use: Potion            |       |       |     1 ||     1
Armor: Scale mail        |    35 |    57 |       ||    92
Dodge: Dodged            |    29 |    30 |       ||    59
Block: Kite shield       |    55 |    47 |       ||   102
       Rpst.: Long sword |     9 |    10 |       ||    19
